 Dungeon Crawl Stone Soup version 0.30.1-4-g462c640d31 (webtiles) character file.

Game seed: 3980885758021041637

10815 MrPagan1517 the Spear-Bearer (level 11, -15/97 HPs)
             Began as a Hill Orc Fighter on Sept 18, 2023.
             Was an Elder of Beogh.
             Demolished by a two-headed ogre
             ... wielding a +0 dire flail
              (17 damage)
             ... on level 2 of the Orcish Mines on Sept 19, 2023.
             The game lasted 00:29:40 (10605 turns).

MrPagan1517 the Spear-Bearer (Hill Orc Fighter)    Turns: 10605, Time: 00:29:41

Health: -15/97     AC: 22    Str: 30    XL:     11   Next: 68%
Magic:  11/11      EV: 13    Int:  8    God:    Beogh [****..]
Gold:   1125       SH:  5    Dex: 10    Spells: 10/10 levels left

rFire   . . .        q - +5 spear (flame)
rCold   . . .        c - +0 buckler
rNeg    . . .        v - +5 plate armour
rPois   .            (no helmet)
rElec   .            e - +0 cloak
rCorr   .            u - +0 pair of gloves
SInv    .            (no boots)
Will    .....        (no amulet) Stlth
                     C - +6 ring of strength
HPRegen 0.36/turn    n - +5 ring of evasion
MPRegen 0.12/turn

%: no passive effects
@: no status effects
A: no striking features
a: Renounce Religion, Smiting, Recall Orcish Followers


You were on level 2 of the Orcish Mines.
You worshipped Beogh.
Beogh was greatly pleased with you.
You visited 2 branches of the dungeon, and saw 11 of its levels.

You collected 1125 gold pieces.

Inventory:

Hand Weapons
 a - a +0 war axe
 q - a +5 spear of flaming (weapon)
 x - a +0 antimagic spear
 G - a +0 shortbow
Armour
 b - a +0 scale mail
 c - a +0 buckler (worn)
 e - a +0 cloak (worn)
 p - a +0 plate armour
 r - a +8 chain mail of ponderousness
 u - a +0 pair of gloves (worn)
 v - a +5 plate armour (worn)
 D - +0 acid dragon scales
Jewellery
 l - a +4 ring of protection
 n - a +5 ring of evasion (right hand)
 o - a ring of protection from cold
 s - a ring of wizardry
 y - a ring of flight
 C - a +6 ring of strength (left hand)
Wands
 j - a wand of paralysis (32)
 A - a wand of mindburst (20)
Scrolls
 i - 6 scrolls of teleportation
 E - a scroll of blinking
Potions
 d - 3 potions of might
 f - a potion of resistance
 g - 5 potions of mutation
 h - 4 potions of curing
 k - a potion of haste
 m - a potion of flight
 t - a potion of brilliance {unknown}
 w - 2 potions of cancellation
 z - a potion of heal wounds {unknown}


   Skills:
 + Level 9.3 Fighting
 + Level 3.6(11.4) Axes
 * Level 14.1(14.2) Polearms
 + Level 9.6 Armour
 + Level 7.7 Shields


You had 10 spell levels left.
You didn't know any spells.
Your spell library contained the following spells:

 Spells                   Type           Power      Damage    Failure   Level
 Sting                    Tmut/Pois      0%         1d3       98%         1
 Blink                    Tloc           0%         N/A       99%         2
 Lesser Beckoning         Tloc           0%         N/A       99%         2
 Momentum Strike          Conj/Tloc      0%         3d8       99%         2
 Poisonous Vapours        Pois/Air       0%         N/A       99%         2
 Ozocubu's Armour         Ice            0%         N/A       100%        3
 Vhi's Electric Charge    Tloc/Air       0%         N/A       100%        3
 Volatile Blastmotes      Fire/Tloc      0%         2d10      100%        3
 Fulminant Prism          Conj/Hex       0%         3d5       100%        4
 Iskenderun's Mystic Bla  Conj/Tloc      0%         2d3       100%        4
 Olgreb's Toxic Radiance  Pois           0%         N/A       100%        4
 Arcjolt                  Conj/Air       0%         1d10      100%        5
 Lee's Rapid Deconstruct  Erth           0%         3d4*      100%        5
 Metabolic Englaciation   Hex/Ice        0%         N/A       100%        5
 Plasma Beam              Fire/Air       0%         2x1d11    100%        6
 Simulacrum               Ice/Necr       0%         N/A       100%        6


Dungeon Overview and Level Annotations

Branches:
Dungeon (9/15)             Temple (0/1) D:7             Orc (2/2) D:9
    Elf (0/3) Orc:2
   Lair: D:8-11

Altars:
Fedhas
Kikubaaqudgha
Makhleb
Nemelex Xobeh
Ru
The Shining One

Shops:
D:2 =   D:5 :   D:7 (   D:9 =   Orc:2 *


Message History

The ogre hits you with a +0 giant club.
You hit the ogre. You burn the ogre.
The ogre is severely wounded.
You puncture the ogre! You burn the ogre.
You kill the ogre!
Beogh accepts your kill.
The ogre hits you with a +0 giant spiked club!!
The ogre attacks as you move away! The ogre barely misses you.
The ogre hits you with a +0 giant club!!
* * * LOW HITPOINT WARNING * * *
You closely miss the ogre. You puncture the ogre! You burn the ogre!
The ogre is severely wounded.
You hit the ogre. You burn the ogre.
The ogre is almost dead.
The ogre barely misses you. The ogre misses you.
You hit the ogre. You burn the ogre.
You kill the ogre!
Beogh accepts your kill.
You feel better. The ogre barely misses you.
The ogre hits you with a +0 giant spiked club.
You puncture the ogre! You burn the ogre.
The ogre is heavily wounded.
You hit the ogre. You burn the ogre.
The ogre is severely wounded.
You block the ogre's attack. The ogre barely misses you.
You barely miss the ogre.
The ogre is severely wounded.
You barely miss the ogre.
The ogre is severely wounded.
You barely miss the two-headed ogre.
The ogre hits you with a +0 giant spiked club!!
* * * LOW HITPOINT WARNING * * *
You block the ogre's attack.
You hit the two-headed ogre. You burn the two-headed ogre.
The two-headed ogre is lightly wounded.
The two-headed ogre hits you with a +0 dire flail!
* * * LOW HITPOINT WARNING * * *
The two-headed ogre hits you with a +0 giant spiked club!
You die...

..>................##
....................#.
......................
...........)..........
..........))(........
.................$..#
#...............#.##
.........#...#.O###
#.....#...#.##.O@#
.......#..#####O##
.......... ###
...#...... ...# #.. .
.. # #. . ##.#### .
#...#.###


You could see a two-headed ogre and 2 ogres.

Vanquished Creatures
  Snorg (Orc:1)
  An ogre mage (Orc:2)
  A two-headed ogre (Orc:2)
  A cyclops (Orc:2)
  2 trolls
  Grinder (D:6)
  2 hornets (D:8)
  A wyvern (D:9)
  3 yaks (D:9)
  2 steam dragons
  An acid dragon (D:8)
  3 water moccasins (D:7)
  6 orc warriors
  2 ice beasts
  A sky beast (D:7)
  2 black bears (D:6)
  8 ogres
  5 centaurs
  2 phantoms
  A kobold brigand (D:9)
  2 bullfrogs
  3 scorpions
  7 killer bees
  6 howler monkeys
  6 orc priests
  3 hounds
  A gnoll bouda (D:6)
  3 iguanas
  A sleepcap (D:5)
  7 orc wizards
  14 gnolls
  10 adders
  A shadow imp (D:5)
  2 white imps
  An ufetubus (D:3)
  A worm (D:2)
  4 dart slugs
  41 orcs
  4 bats
  4 endoplasms
  3 giant cockroaches
  8 hobgoblins
  4 quokkas
  3 ball pythons (D:1)
  3 frilled lizards
  12 goblins
  9 kobolds
  6 rats
215 creatures vanquished.

Vanquished Creatures (collateral kills)
  3 two-headed ogres (Orc:2)
  A deep troll (Orc:2)
  An orc sorcerer (Orc:1)
  3 trolls (Orc:2)
  2 wargs (Orc:2)
  2 orc warriors
  3 ogres (Orc:2)
  A gnoll sergeant (D:9)
  3 orc priests
  2 orc wizards (Orc:2)
  2 gnolls (D:9)
  7 orcs
  3 kobolds (D:9)
33 creatures vanquished.

Vanquished Creatures (others)
  2 orc knights (Orc:2)
  3 orc warriors
  A human (D:6)
  4 orc priests
  2 orc wizards
  21 orcs
  A giant cockroach (D:4)
34 creatures vanquished.

Grand Total: 282 creatures vanquished

Notes
Turn   | Place    | Note
-------+----------+-------------------------------------------
     0 | D:1      | MrPagan1517 the Hill Orc Fighter began the quest for the
                  | Orb.
     0 | D:1      | Reached XP level 1. HP: 19/19 MP: 1/1
    84 | D:1      | Reached XP level 2. HP: 27/27 MP: 2/2
    89 | D:1      | Found a faded altar of an unknown god.
   480 | D:2      | Reached XP level 3. HP: 33/33 MP: 3/3
   849 | D:2      | Reached skill level 1 in Polearms
   849 | D:2      | Reached XP level 4. HP: 35/40 MP: 4/4
   963 | D:2      | Found Oteutz's Jewellery Boutique.
  1314 | D:2      | Found a sparkling altar of Nemelex Xobeh.
  2187 | D:3      | Noticed a phantom
  2214 | D:3      | Killed a phantom
  2215 | D:3      | Reached skill level 3 in Polearms
  2215 | D:3      | Reached XP level 5. HP: 40/46 MP: 5/5
  2754 | D:4      | Noticed an ogre
  2774 | D:3      | Killed an ogre
  2775 | D:3      | Reached XP level 6. HP: 10/53 MP: 6/6
  2779 | D:3      | Reached skill level 4 in Polearms
  2781 | D:3      | HP: 2/53 [ufetubus (2)]
  3075 | D:4      | Found a sand-covered staircase.
  3105 | D:4      | Became a worshipper of Beogh the Brigand
  3156 | D:4      | Noticed a wyvern
  3236 | D:4      | Reached skill level 5 in Polearms
  3236 | D:4      | Reached XP level 7. HP: 15/60 MP: 7/7
  3408 | D:4      | Reached skill level 5 in Armour
  3614 | D:4      | Found a glowing golden altar of the Shining One.
  3884 | D:5      | Entered Level 5 of the Dungeon
  3953 | D:5      | Found Moir's Vocational Training.
  4260 | D:5      | Reached skill level 6 in Polearms
  4828 | D:6      | Reached * piety under Beogh
  4829 | D:6      | Reached XP level 8. HP: 67/67 MP: 8/8
  4883 | D:6      | Reached skill level 5 in Fighting
  4883 | D:6      | Reached skill level 7 in Polearms
  4891 | D:6      | HP: 3/102 [orc/+0 flail (4)]
  4937 | D:6      | Noticed Grinder
  5345 | D:6      | Killed Grinder
  5346 | D:6      | Reached skill level 8 in Polearms
  5494 | D:6      | Reached skill level 5 in Shields
  6268 | D:6      | Reached XP level 9. HP: 61/75 MP: 9/9
  6274 | D:6      | Reached skill level 9 in Polearms
  6574 | D:6      | Found an ancient bone altar of Kikubaaqudgha.
  6714 | D:7      | Found a staircase to the Ecumenical Temple.
  6858 | D:7      | Reached ** piety under Beogh
  6874 | D:7      | Found Repni Koj's Weapon Shop.
  6938 | D:7      | Found a blossoming altar of Fedhas.
  6989 | D:7      | Reached skill level 10 in Polearms
  7250 | D:7      | Found a burning altar of Makhleb.
  7478 | D:8      | Noticed a hornet
  7494 | D:8      | Killed a hornet
  7539 | D:8      | Reached skill level 11 in Polearms
  7920 | D:8      | Reached XP level 10. HP: 84/84 MP: 10/10
  8511 | D:9      | Reached skill level 12 in Polearms
  8724 | D:9      | Reached *** piety under Beogh
  8806 | D:9      | Found a staircase to the Orcish Mines.
  8966 | D:9      | Found a sacrificial altar of Ru.
  9085 | D:9      | Found Egekopsor's Jewellery Boutique.
  9307 | Orc:1    | Entered Level 1 of the Orcish Mines
  9331 | Orc:1    | Noticed Snorg
  9342 | Orc:1    | Killed Snorg
  9348 | Orc:1    | Reached **** piety under Beogh
  9383 | Orc:1    | Reached skill level 13 in Polearms
  9523 | Orc:1    | Gained Morguth as an ally
  9674 | Orc:1    | Noticed an orc sorcerer
 10049 | Orc:2    | Entered Level 2 of the Orcish Mines
 10057 | Orc:2    | Noticed an orc knight
 10143 | Orc:2    | Noticed a two-headed ogre
 10143 | Orc:2    | Noticed a two-headed ogre
 10145 | Orc:2    | Noticed a deep troll
 10146 | Orc:2    | Found Nefitad's General Store.
 10146 | Orc:2    | Noticed a cyclops
 10146 | Orc:2    | Noticed a two-headed ogre
 10146 | Orc:2    | Noticed an ogre mage
 10149 | Orc:2    | Noticed a two-headed ogre
 10149 | Orc:2    | Noticed a two-headed ogre
 10149 | Orc:2    | Noticed a two-headed ogre
 10152 | Orc:2    | Reached XP level 11. HP: 89/94 MP: 11/11
 10152 | Orc:2    | Noticed a two-headed ogre
 10153 | Orc:2    | Noticed a two-headed ogre
 10158 | Orc:2    | Noticed a cyclops
 10160 | Orc:2    | Killed a two-headed ogre
 10161 | Orc:2    | Your ally Morguth died
 10164 | Orc:2    | Noticed an orc warlord
 10165 | Orc:2    | Killed a two-headed ogre
 10165 | Orc:2    | Noticed an ogre mage
 10165 | Orc:2    | Noticed a deep troll
 10174 | Orc:2    | Found a staircase to the Elven Halls.
 10178 | Orc:2    | Killed a two-headed ogre
 10178 | Orc:2    | Killed a deep troll
 10437 | Orc:2    | Killed an ogre mage
 10566 | Orc:2    | Killed a cyclops
 10577 | Orc:2    | Killed a two-headed ogre
 10578 | Orc:2    | Reached skill level 14 in Polearms
 10605 | Orc:2    | HP: 2/97 [two-headed ogre/+0 dire flail (9)]
 10605 | Orc:2    | Demolished by a two-headed ogre

Illustrated notes

Levels and vault maps discovered:
D:1:      minmay_arrival_arboretum_small, layout_loops_ring,
          hellmonk_ecumenical_altar_arch_garden
D:2:      kennysheep_the_goblin_king, layout_loops_ring, serial_shops,
          nicolae_shop_tiny_statue_garden, basic_altar,
          hangedman_decor_clover_reticule
D:3:      layout_basic
D:4:      layout_rooms, tso_metal_star, chequers_ossuary_entry_cave,
          serial_park_tiny_1, lightli_corner_chamber
D:5:      layout_basic, nicolae_shop_vocational
D:6:      layout_cave_pods, tgw_kikubaaqudgha, serial_glass, glass_columns_b,
          glass_columns_b, glass_columns_b, glass_columns_a,
          grunt_ministairs_11, uniq_grinder
D:7:      layout_basic, mainiacjoe_overflow_alcove_1,
          mainiacjoe_overflow_small_starburst, temple_doors_e, serial_shops,
          nicolae_shop_bloodbath_and_beyond
D:8:      layout_basic, kb_lookout_dungeons_type
D:9:      layout_cave_pools, nicolae_ru_awakened_eye, hiddenorc1_lemuel,
          nicolae_take_the_stairs
Orc:1:    layout_diamond_mine, mumra_transporter_accident, uniq_snorg
Orc:2:    st_orc_open, layout_caves

Skill      XL: |  1  2  3  4  5  6  7  8  9 10 11 |
---------------+----------------------------------+-----
Axes           | 3 |  3.6
Fighting       | 4 5 6 8 9 |  9.3
Polearms       | 1 3 5 6 8 11 13 14 | 14.1
Armour         | 4 5 6 7 8 9 |  9.6
Shields        | 4 5 6 7 |  7.7

Action                     |  1- 3 |  4- 6 |  7- 9 | 10-12 || total
---------------------------+-------+-------+-------+-------++-------
  Melee: War axe           |    44 |       |       |       ||    44
         Spear             |    71 |   156 |   503 |   314 ||  1044
 Invoke: Convert to Beogh  |       |     1 |       |       ||     1
    Use: Scroll            |       |     8 |    12 |     7 ||    27
         Potion            |       |     1 |     1 |     2 ||     4
   Stab: Distracted        |       |       |       |     3 ||     3
 Armour: Scale mail        |    38 |       |       |       ||    38
         Plate armour      |    54 |    80 |   101 |    91 ||   326
         Skin              |       |       |    24 |       ||    24
         Chain mail        |       |       |    87 |    23 ||   110
  Dodge: Dodged            |    78 |    63 |   226 |   135 ||   502
  Block: Buckler           |    28 |    35 |    90 |    55 ||   208
